 Seeded DCSS version 0.28-a0-1567-g1695149f81 (webtiles) character file.

Game seed: 4330 (custom seed)

175 knot the Chopper (level 5, -2/61 HPs)
             Began as a Demonspawn Berserker on Jan 20, 2022.
             Was a Follower of Trog.
             Slain by a centaur (3 damage)
             ... on level 4 of the Dungeon.
             The game lasted 00:02:05 (2088 turns).

knot the Chopper (Demonspawn Berserker)             Turns: 2088, Time: 00:02:06

Health: -2/61      AC:  4    Str: 17    XL:     5   Next: 29%
Magic:  5/5        EV: 14    Int: 10    God:    Trog [*.....]
Gold:   83         SH:  0    Dex: 13    Spells: 4/4 levels left

rFire   . . .      SeeInvis .   a - +0 hand axe
rCold   . . .      Faith    .   (no shield)
rNeg    . . .      Spirit   .   b - +0 animal skin
rPois   .          Reflect  .   (no helmet)
rElec   .          Harm     .   (no cloak)
rCorr   .          Rampage  .   d - +1 pair of gloves
Will    .....                   (no boots)
Stlth   ..........              (no amulet)
HPRegen 0.20/turn               (no ring)
MPRegen 0.09/turn               (no ring)

@: berserking (expiring), very quick
A: repulsion field 1, weakness stinger 2
a: Renounce Religion, Berserk


You were on level 4 of the Dungeon.
You worshipped Trog.
Trog was aware of your devotion.
You visited 1 branch of the dungeon, and saw 4 of its levels.

You collected 83 gold pieces.

Inventory:

Hand Weapons
 a - a +0 hand axe (weapon)
Missiles
 c - 6 poisoned darts (quivered)
 f - 65 stones
Armour
 b - a +0 animal skin (worn)
 d - a +1 pair of gloves (worn)
Wands
 g - a wand of digging (6)
Scrolls
 e - 2 scrolls of fog {unknown}
 h - a scroll of identify {unknown}
Potions
 i - a potion of curing {unknown}


   Skills:
 - Level 3.0 Fighting
 + Level 5.5 Axes
 - Level 1.7 Armour
 - Level 1.7 Dodging


You had 4 spell levels left.
You didn't know any spells.
Your spell library was empty.

Dungeon Overview and Level Annotations

Branches:
Dungeon (4/15)
 Temple: D:4-7

Altars:
Gozag

Shops:
D:3 !

Annotations:
D:3 1 runed translucent door, voltaire321's ghost, amateur OpEE


Innate Abilities, Weirdness & Mutations

You are surrounded by a mild repulsion field. (EV +2)
You have a tail ending in a sharp stinger.


Message History

You barely miss the iguana.
The iguana is severely wounded.
The iguana barely misses you.
You hit the iguana.
The iguana is almost dead.
The iguana closely misses you.
You barely miss the iguana.
The iguana is almost dead.
The iguana closely misses you.
You hit the iguana.
The iguana is almost dead.
The iguana bites you.
You hit the iguana.
You kill the iguana!
Trog accepts your kill.
You see here an iguana corpse.
You start resting.
You start resting.
A centaur comes into view.
A centaur is nearby!
A centaur is nearby!
A centaur is nearby!
The centaur wields a +0 shortbow.
The centaur shoots an arrow.
The arrow misses you.
The centaur shoots an arrow.
The arrow barely misses you.
The centaur shoots an arrow.
The arrow hits you!
* * * LOW HITPOINT WARNING * * *
You are too injured to fight recklessly!
You are too injured to fight recklessly!
Found a hunting sling.
A red film seems to cover your vision as you go berserk!
You feel yourself moving faster!
You feel mighty!
The centaur shoots an arrow.
The arrow hits you.
* * * LOW HITPOINT WARNING * * *
You feel a strong urge to attack something.
The centaur shoots an arrow.
The arrow hits you!
* * * LOW HITPOINT WARNING * * *
The centaur unwields a +0 shortbow.
The centaur hits you.
* * * LOW HITPOINT WARNING * * *
The centaur kicks you.
You die...

#. .. ##.. . #...##
.... .. #..)...#... .#
#..###.#...###.# #
#..#.........#.##
#.##...c...........
#.....@.......#.#.# .#
#.##..#.####..#.#.#...#
#.##..#.####..<.)......
#.........###)#.#.#.##.
#.##>...#.###.#.#.#
#.###†#.........#.#
#.#..†........###.#
#.#......###..........
#........# #.#.####.##


You could see a centaur.

Vanquished Creatures
  2 hounds
  An iguana (D:4)
  Ijyb (D:3)
  An orc wizard (D:4)
  A dart slug (D:3)
  2 orcs (D:4)
  2 endoplasms (D:1)
  A giant cockroach (D:1)
  2 goblins
  5 hobgoblins
  4 jackals (D:4)
  A quokka (D:1)
  6 ball pythons
  2 bats (D:1)
  3 frilled lizards
  3 kobolds
  A rat (D:3)
38 creatures vanquished.

Vanquished Creatures (others)
  8 plants
8 creatures vanquished.

Grand Total: 46 creatures vanquished

Notes
Turn   | Place    | Note
-------+----------+-------------------------------------------
     0 | D:1      | knot the Demonspawn Berserker began the quest for the Orb.
     0 | D:1      | Reached XP level 1. HP: 18/18 MP: 1/1
   269 | D:1      | Reached skill level 3 in Axes
   305 | D:1      | Gained mutation: You have a small tail. [demonic ancestry]
   305 | D:1      | Reached XP level 2. HP: 13/24 MP: 2/2
   733 | D:1      | Found a faded altar of an unknown god.
  1092 | D:2      | Found an opulent altar of Gozag.
  1130 | D:2      | You fall into a shaft and drop 1 floor!
  1154 | D:3      | Found a runed translucent door.
  1154 | D:3      | Noticed voltaire321's ghost (amateur OpEE)
  1166 | D:3      | Noticed Ijyb
  1177 | D:3      | Killed Ijyb
  1178 | D:3      | Reached skill level 4 in Axes
  1178 | D:3      | Gained mutation: You are surrounded by a mild repulsion
                  | field. (EV +2) [demonic ancestry]
  1178 | D:3      | Reached XP level 3. HP: 24/29 MP: 3/3
  1342 | D:3      | Gained mutation: You have a tail ending in a sharp stinger.
                  | [demonic ancestry]
  1342 | D:3      | Reached XP level 4. HP: 18/35 MP: 4/4
  1687 | D:3      | Found Tasuffof's Distillery.
  1897 | D:4      | Reached skill level 5 in Axes
  1947 | D:4      | Reached XP level 5. HP: 41/41 MP: 5/5
  2082 | D:4      | Noticed a centaur
  2088 | D:4      | HP: 1/61 [centaur (5)]
  2088 | D:4      | Slain by a centaur

Illustrated notes

Levels and vault maps discovered:
D:1:      lightli_arrival_statue_moat, layout_basic,
          hellmonk_ecumenical_altar_blasted
D:2:      cheibrodos_old_hovel, layout_loops_corners, basic_altar
D:3:      layout_rooms, hellmonk_ghost_happy_afterlife, serial_corexii_hall,
          corexii_hall_statues_u, chequers_hall_statues_wall_a, serial_shops,
          nicolae_shop_hallway_stairs, kennysheep_big_empty_room,
          serial_bayou_lake_a, uniq_ijyb
D:4:      layout_loops_ring, chequers_big_river

Skill      XL: |  1  2  3  4 |
---------------+-------------+-----
Axes           | 3 4 5 |  5.5
Fighting       | |  3.0
Armour         | |  1.7
Dodging        | |  1.7

Action                   |  1- 3 |  4- 6 || total
-------------------------+-------+-------++-------
Melee: Hand axe          |    57 |    66 ||   123
       Tailslap          |     7 |     7 ||    14
       Punch             |     1 |       ||     1
Invok: Berserk           |     2 |     2 ||     4
Armor: Animal skin       |    16 |    17 ||    33
Dodge: Dodged            |    40 |    56 ||    96

Table legend: (Time is in decaauts)
 A = Elapsed time spent in this place.
 B = Non-inter-level travel time spent in this place.
 C = Inter-level travel time spent in this place.
 D = Time resting spent in this place.
 E = Time spent auto-exploring this place.
 F = Levels seen in this place.
 G = Mean time per level.
                   A        B        C        D        E       F      G
               +--------+--------+--------+--------+--------+-----+--------+
         Total |   2157 |   2122 |     35 |    523 |   1312 |   4 |  539.2 |
       Dungeon |   2157 |   2122 |     35 |    523 |   1312 |   4 |  539.2 |
               +--------+--------+--------+--------+--------+-----+--------+

Top non-repeatable levels by time:
     D:1: 1108 daAuts
     D:3: 794 daAuts
     D:4: 217 daAuts
     D:2: 37 daAuts
